Map: Orbital Shipyard

Players

Wellmet

  • Race: Terran Terran
  • League: Diamond

OptimusPrime - Winner!

  • Race: Terran Terran
  • League: Master

VOD

Have the link to the VOD?

Description

Time

  • Played on: Nov. 13, 2015, 11:03 p.m.
  • Length: 7:51
Show
View Real Time Build Order
Export as new Build Order

Wellmet Terran 

Build Orders: Reaper Expand, Banshee Rush 

Get SALT Encoding   

  12  0:00  SCV  
  13  0:13  SCV  
  14  0:17  Supply Depot  
  14  0:25  SCV  
  15  0:39  SCV  
  15  0:41  Barracks  
  16  0:45  Refinery  
  16  0:51  SCV  
  17  1:04  SCV  
  18  1:16  SCV  
  19  1:29  Orbital Command  
  19  1:30  Reaper  
  20  1:44  Command Center  
  20  1:54  SCV  
  20  1:57  Supply Depot  
  21  2:03  Barracks Reactor  
  21  2:07  SCV  
  22  2:09  Refinery  
  22  2:19  SCV  
  23  2:27  Factory  
  23  2:31  SCV  
  24  2:40  Marine x2  
  24  2:44  SCV  
  27  2:56  SCV  
  28  3:04  Marine x2  
  29  3:07  Orbital Command  
  29  3:09  SCV  
  29  3:12  Starport  
  30  3:13  Factory Tech Lab  
  30  3:21  SCV, Marine  
  30  3:22  Marine  
  33  3:33  SCV x2  
  35  3:39  Engineering Bay  
  35  3:40  Marine x2  
  37  3:41  Factory Tech Lab  
  37  3:45  SCV  
  37  3:47  SCV  
  39  3:52  Supply Depot  
  39  3:54  Cloaking Field, Viking  
  41  4:01  Siege Tank  
  45  4:02  SCV  
  45  4:04  SCV  
  46  4:11  Missile Turret  
  46  4:13  Marine  
  46  4:14  Missile Turret  
  46  4:16  Marine  
  48  4:19  SCV  
  49  4:26  Banshee  
  49  4:27  SCV  
  53  4:32  Supply Depot  
  53  4:35  SCV  
  54  4:42  Marine  
  54  4:53  Supply Depot  
  54  4:54  SCV x2, Siege Tank, Marine  
  60  5:10  Barracks  
  60  5:12  Barracks  
  60  5:14  SCV x2  
  60  5:15  Marine x2  
  60  5:16  Raven  
  60  5:19  Refinery  
  66  5:25  Supply Depot  
  66  5:26  SCV  
  67  5:34  SCV  
  67  5:35  Marine x2  
  70  5:41  Supply Depot  
  70  5:42  Supply Depot  
  70  5:46  SCV x2, Siege Tank  
  70  5:47  Refinery  
  72  6:05  Barracks Reactor  
  72  6:08  Marine x2  
  74  6:13  Supply Depot  
  74  6:15  SCV x2  
  76  6:18  Starport Reactor  
  76  6:20  Marine  
  77  6:26  Marine  
  77  6:30  SCV  
  77  6:31  Barracks  
  77  6:32  Command Center  
  79  6:33  Barracks, Marine  
  79  6:36  Supply Depot, Siege Tank  
  79  6:37  SCV  
  79  6:38  Marine  
  85  6:42  SCV  
  85  6:43  Marine x2  
  85  6:44  Engineering Bay  
  88  6:53  Marine x2  
  90  6:58  Supply Depot  
  90  7:04  Marine  
  90  7:06  SCV  
  90  7:07  Marine x2  
  92  7:13  SCV  
  92  7:14  Marine  
  94  7:20  SCV, Marine  
  97  7:24  Barracks Reactor x2  
  97  7:25  SCV  
  97  7:26  Marine x2  
  103  7:36  SCV  
  93  7:37  SCV  
Show
View Real Time Build Order
Export as new Build Order

OptimusPrime Terran - Winner!

Build Orders: 1/1/1, Banshee Rush 

Get SALT Encoding   

  12  0:01  SCV  
  13  0:13  SCV  
  14  0:18  Supply Depot  
  14  0:25  SCV  
  15  0:30  Refinery  
  15  0:39  SCV  
  16  0:46  Barracks  
  16  0:51  SCV  
  17  1:03  SCV  
  18  1:15  SCV  
  19  1:28  SCV  
  20  1:35  Factory, Marine  
  21  1:42  Orbital Command  
  21  1:45  Supply Depot  
  21  1:51  Refinery  
  21  1:53  Marine  
  22  2:07  SCV  
  23  2:17  Marine  
  23  2:19  Factory Tech Lab, Starport  
  23  2:21  SCV  
  24  2:30  Supply Depot  
  24  2:33  SCV  
  24  2:35  Marine  
  26  2:46  SCV  
  27  3:02  Cloaking Field  
  27  3:03  Banshee  
  27  3:04  Marine  
  31  3:06  Factory Reactor  
  31  3:09  SCV  
  31  3:10  Supply Depot  
  32  3:24  Command Center  
  32  3:26  SCV  
  33  3:29  Marine  
  34  3:42  SCV  
  34  3:46  Raven  
  37  3:52  Factory Tech Lab  
  37  3:54  SCV  
  38  3:55  Supply Depot  
  38  3:57  Marine x2  
  40  4:06  SCV  
  41  4:12  Siege Tank  
  41  4:14  Marine  
  41  4:15  Marine  
  46  4:18  Supply Depot, SCV  
  47  4:29  Viking  
  49  4:32  Marine x2  
  51  4:45  Orbital Command  
  51  4:46  SCV  
  49  4:53  Siege Tank, Marine x2  
  54  5:00  SCV  
  54  5:05  Refinery  
  55  5:07  Engineering Bay  
  55  5:12  SCV  
  56  5:18  SCV  
  57  5:24  SCV  
  57  5:28  Marine, Medivac x2  
  62  5:30  SCV  
  64  5:36  SCV  
  64  5:38  Missile Turret  
  66  5:42  SCV  
  66  5:45  Command Center  
  66  5:48  SCV  
  67  5:54  SCV  
  64  5:57  Missile Turret  
  64  6:00  SCV  
  63  6:07  SCV  
  63  6:09  Marine  
  65  6:13  SCV  
  65  6:16  Barracks  
  66  6:18  Starport Reactor  
  66  6:19  SCV  
  66  6:20  Barracks  
  66  6:25  SCV  
  68  6:29  Refinery  
  68  6:31  SCV  
  69  6:33  Supply Depot  
  69  6:34  Marine  
  69  6:35  Supply Depot  
  69  6:37  SCV  
  71  6:44  SCV  
  71  6:46  Siege Tank  
  75  6:49  SCV  
  76  6:57  SCV  
  77  7:01  SCV  
  78  7:12  Marine  
  78  7:13  Marine x2  
  78  7:14  Barracks, Marine  
  82  7:17  Barracks, Starport Reactor  
  82  7:24  Marine  
  86  7:30  Marine  
Tags
 
Add a new tag
Caveats
  • Supply blocks, unpowered buildings, or Contaminate may cause inaccurate times.
  • Supply counts are checked every 10 seconds.